 Dungeon Crawl Stone Soup version 0.22-a0-278-g8f80174 (webtiles) character file.

128 GizzardofKazz the Cudgeler (level 5, -1/32 HPs)
             Began as a Gargoyle Fighter on Mar 16, 2018.
             Killed from afar by Terence (13 damage)
             ... with a wand of flame (21)
             ... on level 3 of the Dungeon.
             The game lasted 00:06:07 (2222 turns).

GizzardofKazz the Cudgeler (Gargoyle Fighter)       Turns: 2222, Time: 00:06:07

Health: -1/32      AC: 12    Str: 20    XL:     5   Next: 11%
Magic:  5/5        EV:  9    Int:  8    God:
Gold:   104        SH:  0    Dex: 10    Spells: 4/4 levels left

rFire    . . .     SeeInvis .   e - +0 whip
rCold    . . .     Gourm    .   (no shield)
rNeg     + . .     Faith    .   b - +0 scale mail
rPois    ∞         Spirit   .   (no helmet)
rElec    +         Reflect  .   n - +0 cloak
rCorr    .         Harm     .   (no gloves)
MR       .....                  (no boots)
Stlth    ..........             (no amulet)
HPRegen  0.10/turn              (no ring)
MPRegen  0.09/turn              (no ring)

@: no status effects
A: negative energy resistance 1, electricity resistance, unbreathing,
petrification resistance, rot immunity, AC +4
a: no special abilities


You were on level 3 of the Dungeon.
You were not hungry.

You visited 1 branch of the dungeon, and saw 3 of its levels.

You collected 104 gold pieces.

Inventory:

Hand Weapons
 a - a +0 flail
 e - a +0 whip (weapon)
Armour
 b - a +0 scale mail (worn)
 n - a +0 cloak (worn)
Jewellery
 o - a cursed -3 ring of strength {unknown}
Scrolls
 h - a scroll of remove curse {unknown}
 j - 2 scrolls of enchant weapon {unknown}
Potions
 c - a potion of cancellation {unknown}
 d - a potion of might
 g - 2 potions of curing {unknown}
 i - 2 potions of invisibility {unknown}
 k - a potion of brilliance {unknown}
 m - a potion of degeneration {unknown}
Comestibles
 f - 3 rations
 l - a chunk of flesh


   Skills:
 - Level 3.2 Fighting
 + Level 5.1 Maces & Flails
 - Level 3.2 Armour
   Level 3.2 Shields


You had 4 spell levels left.
You didn't know any spells.

Dungeon Overview and Level Annotations

Branches:
Dungeon (3/15)

Altars:
Qazlal

Annotations:
D:3 Terence


Innate Abilities, Weirdness & Mutations

You are resistant to torment.
Your stone body is resilient. (AC +4)
You are immune to poison.
You resist negative energy. (rN+)
You are resistant to electric shocks. (rElec)
You can survive without breathing.
You are immune to petrification.
You are immune to rotting.


Message History

Terence zaps a wand.
The puff of flame hits you!
You hit Terence.
Terence is moderately wounded.
The rat closely misses you. Terence hits you but does no damage.
You hit Terence.
Terence is heavily wounded.
The rat bites you. Terence closely misses you.
You completely miss Terence.
Terence is heavily wounded.
The rat bites you but does no damage. Terence hits you but does no damage.
You barely miss Terence.
Terence is heavily wounded.
The rat bites you but does no damage.
You hit Terence.
Terence is severely wounded.
Terence hits you with a hand axe. The rat closely misses you.
You hit Terence.
Terence is almost dead.
Terence zaps a wand.
The puff of flame hits you!
You die...

#...... .. #....# #.#
#....### #.# . #......#
#.#####.
#).....###...$..
#...........#.#..
#######(....))....._...
#..........##.....#.#...
#......(...##...@.......
#......(...##...r@......
#..........######.......
#######(#### ....... #.#
....... #.# ....... #.#
####### #.# #.#


You could see Terence and a rat.

Vanquished Creatures
  4 gnolls (D:2)
  3 adders (D:2)
  A worm (D:2)
  3 dart slugs
  A leopard gecko (D:2)
  10 bats
  2 giant cockroaches
  9 goblins
  4 hobgoblins
  6 kobolds
  3 frilled lizards
  5 rats
51 creatures vanquished.

Notes
Turn   | Place    | Note
-------+----------+-------------------------------------------
     0 | D:1      | GizzardofKazz the Gargoyle Fighter began the quest for the Orb.
     0 | D:1      | Reached XP level 1. HP: 14/14 MP: 1/1
    84 | D:1      | Reached XP level 2. HP: 12/19 MP: 2/2
   336 | D:1      | Reached skill level 3 in Maces & Flails
   616 | D:1      | Reached XP level 3. HP: 21/23 MP: 3/3
  1332 | D:2      | Reached skill level 4 in Maces & Flails
  1393 | D:2      | Reached XP level 4. HP: 20/28 MP: 4/4
  1846 | D:2      | Reached skill level 5 in Maces & Flails
  1846 | D:2      | Reached XP level 5. HP: 31/32 MP: 5/5
  1954 | D:2      | Found a faded altar of an unknown god.
  2199 | D:3      | Found a stormy altar of Qazlal.
  2200 | D:3      | Noticed Terence
  2222 | D:3      | Killed from afar by Terence

Vault maps used:
D:1:      dpeg_arrival_morbid_curiosity, minmay_misc_feat_ornament
D:2:      chequers_ecumenical_altar_twisty, minmay_stone_trees_small,
          kennysheep_generic_room_4
D:3:      lemuel_crystal_altar, minmay_door_square, uniq_crazy_yiuf_cottage,
          uniq_terence, uniq_grinder

Skill      XL: |  1  2  3  4 |
---------------+-------------+-----
Maces & Flails | 3 4 5 |  5.1
Fighting       | |  3.2
Armour         | |  3.2
Shields        | |  3.2

Action                   |  1- 3 |  4- 6 || total
-------------------------+-------+-------++-------
Melee: Flail             |    13 |       ||    13
       Whip              |   159 |    99 ||   258
  Eat: Chunk             |     2 |     2 ||     4
Armor: Scale mail        |   104 |    57 ||   161
Dodge: Dodged            |    86 |    65 ||   151

Table legend:
 A = Spawn XP
 B = Non-spawn XP
 C = Spawn XP percentage of total XP
 D = Spawn monster count
 E = Non-spawn monster count
 F = Spawn count percentage of total count
 G = Total turns spent on level
                    A         B        C        D         E        F      G
               +---------+---------+-------+---------+---------+-------+---------
         Total |       0 |     183 |   0.0 |       0 |      51 |   0.0 |  2222
               +---------+---------+-------+---------+---------+-------+---------
           D:1 |       0 |      44 |   0.0 |       0 |      22 |   0.0 |  1061
           D:2 |       0 |     135 |   0.0 |       0 |      27 |   0.0 |  1076
           D:3 |       0 |       4 |   0.0 |       0 |       2 |   0.0 |    85
               +---------+---------+-------+---------+---------+-------+---------
